 Seeded DCSS version 0.28.0-45-g0d030f2227 (webtiles) character file.

Game seed: 13254252311307455508 (custom seed)

1725 croobank the Shield-Bearer (level 9, -1/73 HPs)
             Began as a Gnoll Fighter on Apr 18, 2022.
             Was an Initiate of Gozag.
             Killed from afar by an electric eel (12 damage)
             ... with a bolt of electricity
             ... on level 6 of the Dungeon.
             The game lasted 00:14:14 (5378 turns).

croobank the Shield-Bearer (Gnoll Fighter)          Turns: 5378, Time: 00:14:25

Health: -1/73      AC: 12    Str: 21    XL:     9   Next: 4%
Magic:  14/14      EV: 10    Int:  7    God:    Gozag
Gold:   314        SH:  5    Dex: 11    Spells: 13/15 levels left

rFire   . . .      SeeInvis .   a - +11 eveningstar of Voynec {flame, rC+ rN+}
rCold   + . .      Faith    .   n - +0 buckler
rNeg    + + .      Spirit   .   u - +3 scale mail {rN+}
rPois   .          Reflect  .   (no helmet)
rElec   .          Harm     .   (no cloak)
rCorr   .          Rampage  .   l - +0 pair of gloves
Will    .....                   (no boots)
Stlth   +.........              (no amulet)
HPRegen 0.22/turn               (no ring)
MPRegen 0.14/turn               (no ring)

@: very slow
A: fangs 1, strong nose, distributed training
a: Renounce Religion, Potion Petition, Call Merchant, Bribe Branch


You were on level 6 of the Dungeon.
You worshipped Gozag.
Gozag was aware of your devotion.
You visited 2 branches of the dungeon, and saw 7 of its levels.

You collected 336 gold pieces.
You paid 22 gold pieces to Gozag.

Inventory:

Hand Weapons
 a - the +11 eveningstar of Voynec (weapon) {flame, rC+ rN+}
   (You found it on level 2 of the Dungeon)

   It burns those it strikes, dealing additional fire damage.
   rC:        It protects you from cold.
   rN:        It protects you from negative energy.
 b - a +1 hunting sling
 c - the +8 morningstar "Giant's Curse" {vorpal, Will+}
   (You found it on level 2 of the Dungeon)

   It inflicts extra damage upon your enemies.
   Will:      It increases your willpower.
 f - a +1 flail of holy wrath
 o - a +2 short sword of speed
Missiles
 h - 4 poisoned darts
 i - 117 stones (quivered)
 m - 31 bolts
 q - 59 arrows
 s - 3 atropa-tipped darts
 w - 14 sling bullets
Armour
 l - a +0 pair of gloves (worn)
 n - a +0 buckler (worn)
 r - a +0 ring mail
 u - a +3 scale mail of positive energy (worn)
Wands
 p - a wand of flame (25)
 t - a wand of digging (3)
 x - a wand of iceblast (18)
Scrolls
 v - a scroll of teleportation
Potions
 d - 2 potions of might
 e - 2 potions of curing
 g - 4 potions of mutation {unknown}
 j - a potion of ambrosia {unknown}
 k - a potion of heal wounds {unknown}


   Skills:
 + Level 7.6 Fighting
 + Level 3.8 Short Blades
 + Level 3.8 Long Blades
 + Level 3.8 Axes
 + Level 6.0 Maces & Flails
 + Level 3.8 Polearms
 + Level 3.8 Staves
 + Level 3.8 Slings
 + Level 3.8 Bows
 + Level 3.8 Crossbows
 + Level 3.8 Throwing
 + Level 7.6 Armour
 + Level 3.8 Dodging
 + Level 3.8 Stealth
 + Level 7.6 Shields
 + Level 3.8 Unarmed Combat
 + Level 3.8 Spellcasting
 + Level 3.1 Conjurations
 + Level 3.1 Hexes
 + Level 3.1 Summonings
 + Level 3.1 Necromancy
 + Level 3.1 Translocations
 + Level 3.1 Transmutations
 + Level 3.1 Fire Magic
 + Level 3.1 Ice Magic
 + Level 3.1 Air Magic
 + Level 3.1 Earth Magic
 + Level 3.1 Poison Magic
 + Level 4.2 Invocations
 + Level 3.8 Evocations


You had 13 spell levels left.
You knew the following spells:

 Your Spells              Type           Power      Damage    Failure   Level
a - Scorch                Fire           10%        2d6       36%         2

Your spell library contained the following spells:

 Spells                   Type           Power      Damage    Failure   Level
 Beastly Appendage        Tmut           10%        N/A       26%         1
 Wereblood                Tmut           5%         N/A       36%         2
 Spider Form              Tmut/Pois      5%         N/A       61%         3
 Flame Wave               Conj/Fire      5%         2d5       95%         4
 Summon Cactus Giant      Summ           2%         N/A       100%        6


Dungeon Overview and Level Annotations

Branches:
Dungeon (6/15)             Temple (1/1) D:4

Altars:
Ashenzari
Cheibriados
Dithmenos
Elyvilon
Fedhas
Gozag
Hepliaklqana
Makhleb
Nemelex Xobeh
Okawaru
Trog
Uskayaw
Vehumet
Wu Jian
Yredelemnul
Zin

Shops:
D:4 (


Innate Abilities, Weirdness & Mutations

You have very sharp teeth.
Your uncanny sense of smell can sniff out nearby items.
Your experience applies equally to all skills.


Message History

Found a stone staircase leading down.
There is a stone staircase leading down here.
You enter the shallow water.
Moving in this stuff is going to be slow.
An iguana comes into view.
The iguana hisses angrily.
Your unstable footing causes you to fumble your attack.
You thump the iguana! You burn the iguana.
The iguana is almost dead.
You block the iguana's attack.
A howler monkey zombie comes into view.
An electric eel comes into view.
You hit the iguana but do no damage.
The iguana is almost dead.
The iguana bites you but does no damage.
The iguana splashes around in the water.
Your unstable footing causes you to fumble your attack.
The electric eel shoots out a bolt of lightning at you!
The bolt of electricity hits you!
The iguana bites you but does no damage.
The electric eel shoots out a bolt of lightning at you!
The bolt of electricity hits you!
You bludgeon the iguana!! You burn the iguana.
You kill the iguana!
The electric eel shoots out a bolt of lightning at you!
The bolt of electricity hits you!
The howler monkey zombie is distracted by your dazzling golden aura.
The electric eel shoots out a bolt of lightning at you!
The bolt of electricity misses you.
An electric eel comes into view.
The electric eel shoots out a bolt of lightning at you!
The bolt of electricity hits you!
The electric eel shoots out a bolt of lightning at you!
The bolt of electricity hits you!
* * * LOW HITPOINT WARNING * * *
The electric eel shoots out a bolt of lightning at you!
The bolt of electricity hits you!
* * * LOW HITPOINT WARNING * * *
The bolt of electricity hits you!
You die...
Your body crumbles into a pile of gold.

≈≈≈≈≈≈≈P♣ ##
≈≈≈S≈≈♣≈≈ ..#
≈≈≈≈≈≈ZP♣ #.# .#
≈≈≈S≈≈≈≈P♣..##..
≈≈≈≈≈≈PP♣P...#..
≈≈≈≈≈≈≈≈≈≈##.#.#
≈≈≈≈≈≈≈≈≈≈##.#.#
≈≈≈≈≈≈≈≈♣≈.#.#.#
≈≈≈≈≈≈$♣@♣...#.#
≈≈≈≈≈≈≈♣♣###...#
P≈≈≈≈≈≈ ##..# $
≈≈≈≈≈≈≈ #.>#
P≈≈≈P≈P ##.#
≈≈≈P≈≈≈
##.#######.
≈≈≈≈≈P♣
#..........
#..#######.
#..#####.#


You could see 2 electric eels and a howler monkey zombie.

Vanquished Creatures
  Pikel (D:5)
  2 black bears
  2 centaurs (D:5)
  2 lemures (D:5)
  A bullfrog (D:6)
  2 scorpions (D:5)
  A water moccasin skeleton (D:5)
  A killer bee (D:5)
  2 bullfrog zombies (D:5)
  2 centaur zombies (D:5)
  A hound (D:5)
  A gnoll shaman (D:4)
  2 orc priests (D:4)
  Jessica (D:3)
  2 orc wizards
  3 iguanas
  Ijyb (D:4)
  5 gnolls (D:4)
  A howler monkey skeleton (D:4)
  5 adders
  A white imp (D:5)
  An ufetubus (D:5)
  A worm (D:2)
  3 dart slugs
  12 orcs
  5 bats
  12 endoplasms
  A giant cockroach (D:3)
  7 hobgoblins
  7 jackals
  3 quokkas
  6 ball pythons
  2 frilled lizards
  7 goblins
  7 kobolds
  5 rats
118 creatures vanquished.

Vanquished Creatures (others)
  5 plants (D:6)
5 creatures vanquished.

Grand Total: 123 creatures vanquished

Notes
Turn   | Place    | Note
-------+----------+-------------------------------------------
     0 | D:1      | croobank the Gnoll Fighter began the quest for the Orb.
     0 | D:1      | Reached XP level 1. HP: 23/23 MP: 1/1
   211 | D:1      | Reached XP level 2. HP: 23/29 MP: 2/2
   635 | D:1      | Reached XP level 3. HP: 35/35 MP: 3/3
  1167 | D:2      | Reached skill level 1 in Invocations
  1464 | D:2      | Reached skill level 1 in Short Blades
  1464 | D:2      | Reached skill level 1 in Long Blades
  1464 | D:2      | Reached skill level 1 in Axes
  1464 | D:2      | Reached skill level 1 in Polearms
  1464 | D:2      | Reached skill level 1 in Staves
  1464 | D:2      | Reached skill level 1 in Slings
  1464 | D:2      | Reached skill level 1 in Bows
  1464 | D:2      | Reached skill level 1 in Crossbows
  1464 | D:2      | Reached skill level 1 in Throwing
  1464 | D:2      | Reached skill level 1 in Dodging
  1464 | D:2      | Reached skill level 1 in Stealth
  1464 | D:2      | Reached skill level 1 in Unarmed Combat
  1464 | D:2      | Reached skill level 1 in Spellcasting
  1464 | D:2      | Reached skill level 1 in Evocations
  1619 | D:2      | Identified the +11 eveningstar of Voynec {flame, rC+ rN+}
  1639 | D:2      | Reached XP level 4. HP: 41/41 MP: 5/5
  1744 | D:2      | Identified the +8 morningstar "Giant's Curse" {vorpal,
                  | Will+}
  2357 | D:3      | Reached skill level 1 in Conjurations
  2357 | D:3      | Reached skill level 1 in Hexes
  2357 | D:3      | Reached skill level 1 in Summonings
  2357 | D:3      | Reached skill level 1 in Necromancy
  2357 | D:3      | Reached skill level 1 in Translocations
  2357 | D:3      | Reached skill level 1 in Transmutations
  2357 | D:3      | Reached skill level 1 in Fire Magic
  2357 | D:3      | Reached skill level 1 in Ice Magic
  2357 | D:3      | Reached skill level 1 in Air Magic
  2357 | D:3      | Reached skill level 1 in Earth Magic
  2357 | D:3      | Reached skill level 1 in Poison Magic
  2360 | D:3      | Learned a level 2 spell: Scorch
  2382 | D:3      | Noticed Jessica
  2385 | D:3      | Killed Jessica
  2457 | D:3      | Reached XP level 5. HP: 47/47 MP: 6/6
  2522 | D:3      | Found a faded altar of an unknown god.
  2968 | D:4      | Noticed Ijyb
  2977 | D:4      | Killed Ijyb
  3179 | D:4      | Reached XP level 6. HP: 48/53 MP: 8/8
  3187 | D:4      | Reached skill level 5 in Maces & Flails
  3375 | D:4      | Found a staircase to the Ecumenical Temple.
  3546 | D:4      | Found Senwall's Antique Weapon Emporium.
  3609 | Temple   | Entered the Ecumenical Temple
  3849 | Temple   | Became a worshipper of Gozag Ym Sagoz the Greedy
  3899 | D:5      | Entered Level 5 of the Dungeon
  3963 | D:5      | Noticed a black bear
  3969 | D:5      | Killed a black bear
  3970 | D:5      | Reached XP level 7. HP: 60/60 MP: 10/10
  4109 | D:5      | Found an ornate altar of the Wu Jian Council.
  4528 | D:5      | Reached XP level 8. HP: 67/67 MP: 12/12
  4865 | D:5      | Found an iron altar of Okawaru.
  4870 | D:5      | Found a sparkling altar of Nemelex Xobeh.
  5115 | D:5      | Noticed Pikel
  5124 | D:5      | Killed Pikel
  5262 | D:6      | Reached XP level 9. HP: 56/72 MP: 14/14
  5378 | D:6      | Killed from afar by an electric eel

Illustrated notes

Levels and vault maps discovered:
D:1:      ncdulo_lavacross, layout_loops_ring
D:2:      layout_loops_corners
D:3:      layout_loops_cross, chequers_ecumenical_altar_grove, uniq_jessica
D:4:      layout_cave_pools, temple_doors_cd, serial_shops, shop, uniq_ijyb
D:5:      layout_layer_cave, nicolae_wu_jian_wuxing_cycle,
          gammafunk_temple_overflow_statue, grunt_tough_drop, uniq_pikel
D:6:      layout_basic, nicolae_ru_great_annihilating_truth, serial_bayou,
          serial_bayou_crossing, serial_bayou_lagoon_a, serial_bayou_lake_a,
          serial_bayou_lagoon_b, minmay_joined_circles
Temple:   nicolae_temple_figure_eight

Skill      XL: |  1  2  3  4  5  6  7  8 |
---------------+-------------------------+-----
Invocations    | 1 2 3 4 |  4.2
Short Blades   | 1 2 3 |  3.8
Long Blades    | 1 2 3 |  3.8
Axes           | 1 2 3 |  3.8
Polearms       | 1 2 3 |  3.8
Staves         | 1 2 3 |  3.8
Slings         | 1 2 3 |  3.8
Bows           | 1 2 3 |  3.8
Crossbows      | 1 2 3 |  3.8
Throwing       | 1 2 3 |  3.8
Dodging        | 1 2 3 |  3.8
Stealth        | 1 2 3 |  3.8
Unarmed Combat | 1 2 3 |  3.8
Spellcasting   | 1 2 3 |  3.8
Evocations     | 1 2 3 |  3.8
Conjurations   | 1 2 3 |  3.1
Hexes          | 1 2 3 |  3.1
Summonings     | 1 2 3 |  3.1
Necromancy     | 1 2 3 |  3.1
Translocations | 1 2 3 |  3.1
Transmutations | 1 2 3 |  3.1
Fire Magic     | 1 2 3 |  3.1
Ice Magic      | 1 2 3 |  3.1
Air Magic      | 1 2 3 |  3.1
Earth Magic    | 1 2 3 |  3.1
Poison Magic   | 1 2 3 |  3.1
Maces & Flails | 5 6 |  6.0
Fighting       | 7 |  7.6
Armour         | 7 |  7.6
Shields        | 7 |  7.6

Action                   |  1- 3 |  4- 6 |  7- 9 || total
-------------------------+-------+-------+-------++-------
Melee: Flail             |   111 |     7 |       ||   118
       Bite              |     9 |     4 |     3 ||    16
       Eveningstar       |     1 |    84 |    60 ||   145
Throw: Dart              |       |     4 |       ||     4
       Stone             |       |     1 |       ||     1
  Use: Scroll            |     2 |     7 |       ||     9
Armor: Scale mail        |    68 |    29 |    30 ||   127
Dodge: Dodged            |    74 |    34 |    28 ||   136
Block: Buckler           |    44 |    26 |    13 ||    83
